 Dungeon Crawl Stone Soup version 0.30-a0-777-ga9a30cbeda (webtiles) character file.

Game seed: 1898399538983467311

1599691 browni3141 the Talismancer (level 24, 125/125 (128) HPs)
             Began as a Spriggan Hunter on Feb 13, 2023.
             Was a High Priest of Dithmenos.
             Escaped with the Orb
             ... and 3 runes on Feb 14, 2023!
             The game lasted 05:19:15 (70655 turns).

browni3141 the Talismancer (Spriggan Hunter)       Turns: 70655, Time: 05:19:16

HP:   125/125 (128) AC: 16    Str: 11    XL:     24   Next: 82%
MP:   36/36         EV: 42    Int: 14    God:    Dithmenos [*****.]
Gold: 2624          SH: 10    Dex: 29    Spells: 14/39 levels left

rFire   + . .      SeeInvis +    a - +8 hand crossbow (drain)
rCold   x . .      Faith    .    q - +3 buckler {AC+3}
rNeg    + . .      Spirit   .    S - +4 troll leather armour
rPois   +          Reflect  .    R - +2 hat
rElec   +          Harm     .    y - +2 cloak {rCorr}
rCorr   +          Rampage  .    (gloves unavailable)
Will    ++++.                    (boots unavailable)
Stlth   ++++++                   v - amulet of the acrobat
HPRegen 1.20/turn                K - ring of Muhepefa {Fire +Blink rN+ SInv}
MPRegen 0.25/turn                f - ring "Catwod" {rElec rPois Str+4 Int+3 SInv}

@: wreathed by umbra, studying 2 skills, lightly drained, very quick
A: very small, no large weapons, unfitting armour, see invisible, speed 3
0: Orb of Zot
}: 3/15 runes: serpentine, barnacled, silver
a: Renounce Religion, Evoke Blink, Shadow Step, Shadow Form


You escaped.
You worshipped Dithmenos.
Dithmenos was extremely pleased with you.
You visited 9 branches of the dungeon, and saw 47 of its levels.
You also visited: Bailey and Wizlab.

You collected 8124 gold pieces.
You spent 5500 gold pieces at shops.

Inventory:

Hand Weapons
 a - a +8 hand crossbow of draining (weapon)
 b - the +7 dagger of Axytu Eje {holy, Str+3}
   (You found it on level 4 of the Dungeon)

   Str:       It affects your strength (+3).
 A - the +5 spear of Gogranoj {spect, rPois rC+ Str+2}
   (You took it off a spriggan on level 4 of the Lair of Beasts)

   Str:       It affects your strength (+2).
   rC:        It protects you from cold.
   rPois:     It protects you from poison.
Missiles
 G - 5 throwing nets
 W - 6 boomerangs of dispersal
Armour
 q - a +3 buckler of protection (worn)
 y - a +2 cloak of preservation (worn)
 L - the +1 cloak of Starlight {*Dazzle EV+4 Stlth--}
   (You bought it in a shop on level 4 of the Depths)

   *Dazzle:   It may blind those who miss an attack against the wearer in melee
   combat.
   EV:        It affects your evasion (+4).
   Stlth:     It makes you much less stealthy.
 R - a +2 hat (worn)
 S - a +4 troll leather armour (worn)
Jewellery
 f - the ring "Catwod" (right hand) {rElec rPois Str+4 Int+3 SInv}
   (You took it off a vault sentinel on level 5 of the Vaults)

   [ring of see invisible]

   Str:       It affects your strength (+4).
   Int:       It affects your intelligence (+3).
   rElec:     It insulates you from electricity.
   rPois:     It protects you from poison.
   SInv:      It lets you see invisible.
 j - a ring of protection from cold
 v - an amulet of the acrobat (around neck)
 w - the ring "Ucrecwao" {Will+ Str+3}
   (You found it on level 13 of the Dungeon)

   [ring of willpower]

   Str:       It affects your strength (+3).
   Will:      It increases your willpower.
 H - a +6 ring of dexterity
 I - a ring of resist corrosion
 K - the ring of Muhepefa (left hand) {Fire +Blink rN+ SInv}
   (You found it on level 2 of the Shoals)

   [ring of fire]

   It enhances your fire magic.
   rF:        It protects you from fire.
   rC:        It makes you vulnerable to cold.
   rN:        It protects you from negative energy.
   SInv:      It lets you see invisible.
   +Blink:    It lets you blink.
Wands
 x - a wand of light (3)
 D - a wand of digging (6)
 O - a wand of iceblast (16)
 V - a wand of mindburst (11)
 X - a wand of charming (31)
Scrolls
 g - 12 scrolls of vulnerability
 h - 6 scrolls of fog
 k - 23 scrolls of teleportation
 l - 7 scrolls of magic mapping
 m - 2 scrolls of blinking
 p - 7 scrolls of poison
 r - a scroll of butterflies
 C - 11 scrolls of fear
 J - 6 scrolls of torment
 T - 3 scrolls of silence
 U - 11 scrolls of immolation
Potions
 c - 3 potions of berserk rage
 d - 5 potions of heal wounds
 e - 18 potions of curing
 i - 10 potions of might
 n - 4 potions of ambrosia
 o - 12 potions of lignification
 u - 4 potions of cancellation
 z - 13 potions of mutation
 B - 9 potions of attraction
 E - 4 potions of invisibility
 N - 4 potions of flight
 P - 4 potions of magic
 Q - 7 potions of haste
 Z - a potion of resistance
Miscellaneous
 s - a phial of floods
 t - a lightning rod (4/4)
 F - a phantom mirror
 M - a condenser vane
 Y - a box of beasts


   Skills:
 + Level 13.6 Fighting
 - Level 10.0 Short Blades
 - Level 20.0 Ranged Weapons
 + Level 20.3 Dodging
 + Level 26.5 Stealth
 - Level 5.0 Shields
 - Level 8.0 Spellcasting
 - Level 12.0 Hexes
 - Level 12.0 Translocations
 - Level 8.0 Transmutations
 - Level 2.0 Fire Magic
 - Level 5.0 Air Magic
 - Level 5.0 Poison Magic
 - Level 12.0 Invocations
 O Level 27 Evocations


You had 14 spell levels left.
You knew the following spells:

 Your Spells              Type           Power      Damage    Failure   Level
a - Poisonous Vapours     Pois/Air       38%        N/A       6%          2
b - Inner Flame           Hex/Fire       37%        N/A       5%          3
c - Portal Projectile     Hex/Tloc       78%        N/A       1%          3
d - Teleport Other        Tloc           39%        N/A       1%          3
e - Ignite Poison         Fire/Tmut/Pois 29%        N/A       12%         3
f - Silence               Hex/Air        14%        N/A       26%         5
g - Passage of Golubria   Tloc           39%        N/A       2%          4
h - Passwall              Tmut/Erth      13%        N/A       10%         2

Your spell library contained the following spells:

 Spells                   Type           Power      Damage    Failure   Level
 Lesser Beckoning         Tloc           78%        N/A       1%          2
 Confusing Touch          Hex            39%        N/A       1%          3
 Gell's Gravitas          Tloc           39%        N/A       1%          3
 Sting                    Tmut/Pois      92%        1d7       2%          1
 Kindle Blastsparks       Fire/Tloc/Air  68%        2d15      8%          3
 Summon Guardian Golem    Hex/Summ       22%        N/A       9%          3
 Shock                    Conj/Air       48%        1d6       12%         1
 Swiftness                Air            19%        N/A       12%         3
 Cigotuvi's Dreadful Rot  Necr/Pois/Air  28%        N/A       13%         2
 Yara's Violent Unravell  Hex/Tmut       16%        3d8       14%         5
 Mephitic Cloud           Conj/Pois/Air  14%        N/A       26%         3
 Fulminant Prism          Conj/Hex       11%        3d9       26%         4
 Iskenderun's Mystic Bla  Conj/Tloc      22%        2d6       26%         4
 Leda's Liquefaction      Hex/Erth       11%        N/A       26%         4
 Magic Dart               Conj           20%        1d4       32%         1
 Sandblast                Erth           10%        2d5       32%         1
 Summon Small Mammal      Summ           20%        N/A       32%         1
 Blade Hands              Tmut           14%        N/A       32%         5
 Airstrike                Air            9%         2d(2-18)  38%         4
 Olgreb's Toxic Radiance  Pois           19%        N/A       38%         4
 Call Imp                 Summ           5%         N/A       43%         2
 Searing Ray              Conj           10%        2d4       43%         2
 Alistair's Intoxication  Tmut/Pois      15%        N/A       52%         5
 Metabolic Englaciation   Hex/Ice        11%        N/A       58%         5
 Summon Forest            Summ/Tloc      11%        N/A       58%         5
 Summon Mana Viper        Hex/Summ       22%        N/A       58%         5
 Call Canine Familiar     Summ           5%         N/A       67%         3
 Stone Arrow              Conj/Erth      10%        3d7       67%         3
 Summon Lightning Spire   Summ/Air       12%        N/A       75%         4
 Enfeeble                 Hex            19%        N/A       89%         7
 Flame Wave               Conj/Fire      12%        2d6       91%         4
 Sticky Flame             Conj/Fire      12%        2d4       91%         4
 Animate Armour           Summ/Erth      10%        N/A       97%         4
 Animate Dead             Necr           5%         N/A       97%         4
 Summon Ice Beast         Ice/Summ       5%         N/A       97%         4
 Lightning Bolt           Conj/Air       6%         1d18      97%         5
 Eringya's Noxious Bog    Tmut/Pois      11%        N/A       98%         6
 Fireball                 Conj/Fire      6%         3d5       99%         5
 Freezing Cloud           Conj/Ice/Air   5%         6-21      99%         5
 Borgnjor's Vile Clutch   Necr/Erth      2%         N/A       100%        5
 Iskenderun's Battlesphe  Conj           5%         2d6       100%        5
 Lee's Rapid Deconstruct  Erth           2%         3d5*      100%        5
 Conjure Ball Lightning   Conj/Air       6%         3x3d6     100%        6
 Iron Shot                Conj/Erth      2%         9d2       100%        6
 Summon Cactus Giant      Summ           2%         N/A       100%        6
 Haunt                    Necr/Summ      2%         N/A       100%        7
 Malign Gateway           Summ/Tloc      11%        N/A       100%        7
 Monstrous Menagerie      Summ           2%         N/A       100%        7
 Orb of Destruction       Conj           2%         9d5       100%        7
 Ozocubu's Refrigeration  Ice            2%         4d8       100%        7
 Spellforged Servitor     Conj/Summ      2%         N/A       100%        7
 Ignition                 Fire           8%         3d5       100%        8
 Infestation              Necr           2%         N/A       100%        8
 Lehudib's Crystal Spear  Conj/Erth      2%         10d2      100%        8
 Summon Horrible Things   Summ           2%         N/A       100%        8
 Chain Lightning          Conj/Air       6%         3d8       100%        9
 Fire Storm               Conj/Fire      6%         8d2       100%        9
 Shatter                  Erth           2%         3d6*      100%        9


Dungeon Overview and Level Annotations

Branches:
Dungeon (15/15)            Temple (0/1) D:4            Lair (5/5) D:8
 Shoals (4/4) Lair:3        Snake (4/4) Lair:3        Slime (3/5) Lair:4
    Orc (2/2) D:9             Elf (0/3) Orc:2        Vaults (5/5) D:13
  Crypt (0/3) Vaults:3     Depths (4/4) D:15            Zot (5/5) Depths:4
 Bailey (visited)          WizLab (visited)

Altars:
Dithmenos
Hepliaklqana
Ru
Uskayaw
Xom
Jiyva

Shops:
D:3 (   D:12 *   Orc:1 ?   Orc:2 ([!*=   Shoals:1 *   Shoals:3 !   Shoals:4 =:!
Snake:1 =   Snake:2 :?!(   Snake:3 (   Depths:1 [   Depths:4 [[:[

Portals:
Hell: Depths:1 Depths:2 Depths:3 Depths:4
Abyss: Depths:3
Pandemonium: Depths:2
Ziggurat: Depths:2

Annotations:
Lair:2 exclusion: oklob plant
Shoals:3 Roxanne
Snake:3 Mara
Vaults:3 Nikola
Zot:2 36 runed doors


Innate Abilities, Weirdness & Mutations

You are very small and have problems with some larger weapons.
You are too small for most types of armour.
You have supernaturally acute eyesight. (SInv)
You cover ground extremely quickly. (Speed+++)


Message History

Your butterfly dies!
Your butterfly disappears in a burst of colours!
The fireball engulfs your butterfly!!!
Your butterfly dies!
Your butterfly disappears in a burst of colours!
The fireball engulfs your butterfly!!
Your butterfly dies!
Your butterfly disappears in a burst of colours!
The fireball engulfs your butterfly!!
Your butterfly dies!
Your butterfly disappears in a burst of colours!
The fireball engulfs your butterfly!!
Your butterfly dies!
Your butterfly disappears in a burst of colours!
The fireball engulfs you! You resist. The fireball engulfs your butterfly!!!
Your butterfly dies!
Your butterfly disappears in a burst of colours!
The fireball engulfs the hell hog.
The hell hog completely resists.
The hell hog closely misses your butterfly.
You climb upwards.
Your summoned allies are left behind.
There is a stone staircase leading down here.
(D) Dungeon (T) Temple (L) Lair (A) Shoals (P) Snake Pit (M) Slime Pits (O) Orcish Mines (E) Elven Halls (V) Vaults (C) Crypt (U) Depths (H) Hell (Z) Zot
Where to? (Enter - D:1, ? - help)
There is a stone staircase leading up here.
You climb upwards.
There is a stone staircase leading down here.
HP restored.
There is a stone staircase leading up here.
You climb upwards.
There is a stone staircase leading down here.
There is a stone staircase leading up here.
You climb upwards.
There is a stone staircase leading down here.
Blink to where?
Press: ? - help, Dir - move target
As you read the scroll of blinking, it crumbles to dust.
You have escaped!

.................................
...............#..#####..........
......)....#............#######..
...)......#######....#### ##.#
..........#≈≈≈≈.......########...
..........≈≈≈≈≈....#.........[...
###.##.##.≈≈≈≈~..................
#.##.##.≈≈≈~≈.....#...#........
#.#..##.≈≈≈.≈.@................
##.#.###.≈≈≈......##.#.#........
#..#.# #.≈≈≈......##..........#.
#.##.###.≈≈≈.(....###....###....
##........#≈≈≈.≈≈≈#............#.
..........#≈≈≈≈≈≈≈#..###.........
..........############ ###..####.
.............# ####....##.
......######## #...).....#


There were no monsters in sight!

Vanquished Creatures
  A dread lich (Vaults:5)
  An orb of fire (Zot:1)
  A juggernaut (Depths:4)
  Vv (Zot:1)
  Boris (Vaults:4)
  Parghit (Zot:4)
  Saint Roka (Vaults:3)
  2 curse toes
  11 golden dragons
  2 electric golems
  3 walking crystal tomes
  Rupert (Lair:3)
  6 quicksilver dragons
  16 tentacled monstrosities
  6 Orb Guardians (Zot:5)
  3 liches (Depths:2)
  6 titans
  2 acid blobs
  2 ancient champions (WizLab)
  5 death cobs
  9 krakens
  9 sphinxes
  Kirke (D:12)
  The ghost of Mil Mal Serr the Warrior, an adept MiFi of Okawaru (Shoals:2)
  The ghost of Hiprater the Severer, an adept MiBe of Trog (Shoals:1)
  14 storm dragons
  7 tengu reavers
  5 shadow dragons
  8 nagarajas
  10 draconian monks
  A rockslime (Slime:3)
  Ilsuiw (Shoals:4)
  3 draconian knights
  7 fire giants
  6 draconian scorchers
  4 draconian stormcallers
  A balrug (Depths:4)
  11 vault wardens
  5 ghost moths
  8 frost giants
  3 iron dragons
  19 ironbound preservers
  2 draconian shifters
  A quicksilver ooze (shapeshifter) (Vaults:5)
  2 orc warlords
  A quicksilver ooze (Slime:1)
  2 draconian annihilators
  2 spriggan defenders (Depths:2)
  5 vampire knights
  2 ironbound thunderhulks
  21 very ugly things
  12 stone giants
  2 deep elf demonologists (Vaults:5)
  Nessos (D:15)
  8 white draconians
  Azrael (D:12)
  8 green draconians
  The ghost of Egife the Blocker, a journeyman TrFi of Ashenzari (Lair:4)
  10 purple draconians
  11 black draconians
  A deep elf annihilator (Vaults:5)
  8 red draconians
  14 dire elephants
  15 spark wasps
  9 yellow draconians
  A deep elf death mage (Vaults:5)
  5 merfolk javelineers
  17 yaktaur captains
  8 fire dragons
  8 great orbs of eyes
  11 merfolk impalers
  14 ettins
  A great orb of eyes (shapeshifter) (Depths:2)
  3 rakshasas
  2 ogre magi
  A peacekeeper (Vaults:1)
  8 ice dragons
  A hell beast (Depths:4)
  29 vault guards
  8 centaur warriors
  An ice dragon (shapeshifter) (Vaults:5)
  5 spriggan air magi
  4 merfolk avatars
  4 hydras
  4 two-headed ogres
  3 alligator snapping turtles
  8 ironbound frosthearts
  2 dancing weapons (D:13)
  7 merfolk aquamancers
  A salamander tyrant (Snake:4)
  8 boulder beetles
  A death knight (Vaults:3)
  21 naga warriors
  3 tengu warriors
  9 death yaks (Lair:5)
  4 deep troll earth magi
  16 anacondas
  11 deep troll shamans
  2 vampire magi
  A titan zombie (D:15)
  13 naga sharpshooters
  2 shock serpents (shapeshifter) (Vaults:5)
  10 shock serpents
  2 spriggan berserkers (Depths:2)
  2 orc high priests (Orc:2)
  A soul eater (Depths:4)
  15 skeletal warriors
  A shadow wraith (Vaults:4)
  10 hell knights
  A titan skeleton (Vaults:5)
  A sixfirhy (Depths:1)
  A goliath frog (shapeshifter) (Depths:2)
  9 iron trolls
  5 glowing orange brains
  2 goliath frogs (Lair:5)
  12 sea snakes
  49 deep trolls
  5 skysharks
  2 quicksilver dragon simulacra
  15 ironbound convokers
  A flayed ghost (Depths:2)
  11 naga ritualists
  4 phantasmal warriors
  An orange crystal statue (D:9)
  8 wizards
  A large abomination (D:8)
  14 lindwurms
  9 necromancers
  4 harpies
  Pikel (D:6)
  15 mana vipers
  6 fauns (Shoals:3)
  A tengu skeleton (Vaults:3)
  2 deep elf pyromancers
  4 spectral merfolk (Shoals:2)
  A faun (shapeshifter) (Depths:3)
  A shadow dragon skeleton (Depths:1)
  9 salamanders
  11 orc knights
  4 orc sorcerers
  27 moths of wrath
  7 cyclopes
  3 stone giant zombies
  19 manticores
  7 elephants
  6 merfolk sirens
  43 ugly things
  6 water nymphs
  4 gargoyles
  11 guardian serpents
  11 naga magi
  38 black mambas
  A frost giant skeleton (Depths:1)
  20 vault sentinels
  16 cane toads
  An elf zombie (Vaults:5)
  4 rime drakes
  A torpor snail (shapeshifter) (Vaults:5)
  Maggie (D:9)
  An unseen horror (D:9)
  9 komodo dragons
  A hellion (Snake:3)
  2 freezing wraiths
  A kobold demonologist (D:11)
  Psyche (D:11)
  32 yaktaurs
  2 tengu conjurers (D:15)
  2 polar bears (Lair:4)
  A yaktaur skeleton (Vaults:3)
  10 wind drakes
  6 hornets
  7 trolls
  A spriggan skeleton (Depths:1)
  A spectral manticore (Shoals:2)
  A polar bear (shapeshifter) (D:13)
  3 tyrant leeches (Lair:5)
  19 merfolk
  18 blink frogs
  10 dream sheep
  2 ettin zombies
  A jumping spider (Vaults:5)
  A spectral wind drake (Shoals:2)
  12 snapping turtles
  17 water elementals
  8 wyverns
  26 slime creatures
  A flying skull (Vaults:4)
  7 spriggans
  2 shadows
  4 vampires (WizLab)
  Grum (D:10)
  3 fire elementals (D:12)
  5 hogs (D:12)
  A wraith (D:11)
  50 yaks
  4 basilisks
  4 golden eyes (Slime:1)
  A golden eye (shapeshifter) (D:13)
  A chaos spawn (Depths:1)
  2 redbacks (Vaults:5)
  13 vampire mosquitoes
  8 two-headed ogre zombies (WizLab)
  Menkaure (D:7)
  A merfolk simulacrum (Shoals:2)
  2 wargs
  31 nagas
  Duvessa (D:7)
  3 acid dragons
  12 water moccasins
  A spectral snapping turtle (Shoals:2)
  A floating eye (Depths:3)
  2 hell hounds (D:12)
  38 orc warriors
  2 sky beasts
  4 ice beasts
  4 black bears
  8 boggarts
  11 wolves
  9 ogres
  A lemure (D:6)
  7 centaurs
  5 phantoms
  A kobold brigand (D:8)
  16 bullfrogs
  2 gnoll sergeants (D:7)
  5 scorpions
  A scorpion (shapeshifter) (Depths:2)
  2 human skeletons
  6 wights (WizLab)
  10 troll zombies
  Dowan (D:7)
  9 killer bees
  2 manticore simulacra (Shoals:2)
  2 howler monkeys
  14 electric eels
  4 jellies
  7 hounds
  10 orc priests
  A gnoll bouda (D:9)
  17 orc wizards
  4 iguanas
  7 ogre zombies
  29 gnolls
  12 adders
  3 shadow imps
  A white imp (D:6)
  An ufetubus (D:4)
  3 worms
  2 dart slugs
  82 orcs
  13 ball pythons
  5 bats
  6 endoplasms
  3 giant cockroaches
  3 goblins
  7 hobgoblins
  4 quokkas
  5 frilled lizards
  2 goblin skeletons (D:9)
  6 goblin zombies (D:9)
  2 hobgoblin zombies (D:9)
  9 kobolds
  2 orc skeletons (D:9)
  7 orc zombies (D:9)
  6 rats
  A butterfly (Lair:1)
  10 tentacles
1860 creatures vanquished.

Vanquished Creatures (collateral kills)
  Sojobo (Vaults:4)
  Jory (Vaults:3)
  A tentacled monstrosity (Vaults:5)
  2 liches (Depths:3)
  A quicksilver dragon (Vaults:5)
  A shadow dragon (Depths:4)
  A vault warden (Vaults:4)
  Aizul (Snake:4)
  A draconian annihilator (Zot:1)
  A very ugly thing (Vaults:5)
  2 dire elephants (Vaults:3)
  2 yellow draconians (Zot:1)
  An ettin (Depths:3)
  2 vault guards (Vaults:5)
  A spriggan air mage (Depths:2)
  An ironbound frostheart (Vaults:3)
  2 elephants (Lair:4)
  3 vault sentinels
  A bullfrog (Lair:4)
  An orc (Bailey)
27 creatures vanquished.

Vanquished Creatures (others)
  A storm dragon (Zot:4)
  A draconian knight (Zot:4)
  Erica (D:9)
  A yaktaur (Vaults:1)
  A wind drake (Shoals:4)
  An orc wizard (D:4)
  49 fungi
  232 plants
  168 tentacles
  9 withered plants (D:15)
464 creatures vanquished.

Grand Total: 2351 creatures vanquished

Notes
Turn   | Place    | Note
-------+----------+-------------------------------------------
     0 | D:1      | browni3141 the Spriggan Hunter began the quest for the Orb.
     0 | D:1      | Reached XP level 1. HP: 10/10 MP: 2/2
    86 | D:1      | Reached XP level 2. HP: 14/14 MP: 3/3
   328 | D:1      | Reached XP level 3. HP: 18/18 MP: 4/4
   718 | D:2      | Reached skill level 5 in Stealth
   737 | D:2      | Reached XP level 4. HP: 22/22 MP: 5/5
   950 | D:2      | Found a faded altar of an unknown god.
  1271 | D:3      | Reached skill level 5 in Ranged Weapons
  1455 | D:3      | Found Xumun's Antique Weapon Shoppe.
  1620 | D:3      | Learned a level 2 spell: Poisonous Vapours
  1990 | D:4      | Noticed a scorpion
  2241 | D:4      | Found a shadowy altar of Dithmenos.
  2262 | D:4      | Became a worshipper of Dithmenos the Shadowed
  2329 | D:4      | Reached skill level 1 in Spellcasting
  2329 | D:4      | Reached skill level 1 in Poison Magic
  2329 | D:4      | Reached XP level 5. HP: 21/25 MP: 5/7
  2446 | D:4      | Reached skill level 1 in Evocations
  2495 | D:4      | Reached XP level 6. HP: 22/30 MP: 10/10
  2537 | D:4      | Reached skill level 2 in Evocations
  2738 | D:4      | Reached * piety under Dithmenos
  2739 | D:4      | Reached skill level 3 in Evocations
  2814 | D:4      | Found a staircase to the Ecumenical Temple.
  3045 | D:5      | Entered Level 5 of the Dungeon
  3179 | D:5      | Reached skill level 4 in Evocations
  3179 | D:5      | Reached XP level 7. HP: 27/33 MP: 11/11
  3693 | D:5      | Reached skill level 5 in Evocations
  4129 | D:5      | Reached skill level 6 in Evocations
  4203 | D:5      | Reached XP level 8. HP: 37/37 MP: 12/12
  4802 | D:6      | Noticed Pikel
  4857 | D:6      | Killed Pikel
  4858 | D:6      | Reached skill level 8 in Evocations
  5194 | D:6      | Reached XP level 9. HP: 41/41 MP: 13/13
  5311 | D:6      | Reached ** piety under Dithmenos
  5404 | D:6      | Reached skill level 10 in Ranged Weapons
  5439 | D:6      | Learned a level 3 spell: Inner Flame
  5608 | D:6      | Reached skill level 1 in Hexes
  6080 | D:4      | Identified the +7 dagger of Axytu Eje {holy, Str+3}
  6555 | D:4      | Found a staircase to the Ecumenical Temple.
  6609 | D:4      | Found a shadowy altar of Dithmenos.
  6908 | D:7      | Noticed Dowan
  7275 | D:7      | Noticed Duvessa
  7306 | D:7      | Killed Dowan
  7565 | D:7      | Killed Duvessa
  7877 | D:7      | Noticed Menkaure
  7915 | D:7      | Killed Menkaure
  7916 | D:7      | Reached skill level 5 in Hexes
  8470 | D:8      | Noticed a troll
  8477 | D:8      | Killed a troll
  8485 | D:8      | Reached XP level 10. HP: 46/46 MP: 14/14
  8496 | D:8      | Reached *** piety under Dithmenos
  9112 | D:8      | Found a staircase to the Lair.
  9964 | Lair:1   | Entered Level 1 of the Lair of Beasts
 10393 | Lair:1   | Noticed a cane toad
 10428 | Lair:1   | Killed a cane toad
 10429 | Lair:1   | Reached XP level 11. HP: 49/49 MP: 15/15
 10600 | Lair:1   | Reached skill level 15 in Ranged Weapons
 10675 | Lair:1   | You fall into a shaft and drop 1 floor!
 10922 | Lair:2   | Noticed a seven-headed hydra
 10949 | Lair:2   | Killed a seven-headed hydra
 11153 | Lair:2   | Reached **** piety under Dithmenos
 11447 | Lair:2   | Noticed an oklob plant
 11709 | Lair:3   | Found a staircase to the Shoals.
 11738 | Lair:3   | Noticed Rupert
 12636 | Lair:3   | Killed Rupert
 12637 | Lair:3   | Reached XP level 12. HP: 53/53 MP: 12/16
 12812 | Lair:3   | Found a staircase to the Snake Pit.
 12892 | Lair:3   | Reached ***** piety under Dithmenos
 13394 | Lair:4   | Found a viscous altar of Jiyva.
 13395 | Lair:4   | Found a staircase to the Slime Pits.
 13395 | Lair:4   | Noticed a boulder beetle
 13395 | Lair:4   | Noticed a six-headed hydra
 13889 | Lair:4   | Killed a boulder beetle
 13956 | Lair:4   | Killed a six-headed hydra
 14184 | Lair:4   | Found a runed translucent door.
 14187 | Lair:4   | Noticed Egife's ghost (journeyman TrFi)
 14188 | Lair:4   | Identified the +5 spear of Gogranoj {spect, rPois rC+
                  | Str+2}
 14792 | Lair:4   | Noticed a fire dragon
 15126 | Lair:4   | Killed a fire dragon
 15608 | Lair:5   | Entered Level 5 of the Lair of Beasts
 15608 | Lair:5   | Noticed a death yak
 15608 | Lair:5   | Noticed a death yak
 15608 | Lair:5   | Noticed a death yak
 15779 | Lair:5   | Noticed a death yak
 15779 | Lair:5   | Noticed a death yak
 15779 | Lair:5   | Noticed a death yak
 15779 | Lair:5   | Noticed a death yak
 15779 | Lair:5   | Noticed a death yak
 15780 | Lair:5   | Noticed a death yak
 15904 | D:9      | Noticed Erica
 15904 | D:9      | Found a shimmering altar of Xom.
 15904 | D:9      | Found a shimmering altar of Xom.
 15912 | D:9      | Found a flagged portal.
 15945 | D:9      | Killed Erica
 15946 | D:9      | Reached skill level 1 in Invocations
 15949 | D:9      | Noticed Maggie
 16095 | D:9      | Found a shimmering altar of Xom.
 16096 | D:9      | Found a shimmering altar of Xom.
 16096 | D:9      | Found a shimmering altar of Xom.
 16101 | D:9      | Found a shimmering altar of Xom.
 16103 | D:9      | Found a shimmering altar of Xom.
 16239 | Bailey   | Entered a bailey
 16644 | Bailey   | Reached skill level 9 in Evocations
 16644 | Bailey   | Reached XP level 13. HP: 23/59 MP: 17/17
 16680 | D:9      | Killed Maggie
 16681 | D:9      | Reached XP level 14. HP: 35/63 MP: 18/18
 16799 | D:9      | Found a hazy altar of Hepliaklqana.
 17398 | D:9      | Found a staircase to the Orcish Mines.
 17740 | Orc:1    | Entered Level 1 of the Orcish Mines
 17740 | Orc:1    | Found Guifetocam's Magic Scroll Boutique.
 17899 | Orc:1    | Bought a scroll of identify for 30 gold pieces
 17899 | Orc:1    | Bought a scroll of identify for 30 gold pieces
 18205 | Orc:2    | Entered Level 2 of the Orcish Mines
 18220 | Orc:2    | Reached skill level 10 in Evocations
 18274 | Orc:1    | Reached skill level 5 in Dodging
 18316 | Orc:2    | Found Raor's General Store.
 18394 | Orc:2    | Found a staircase to the Elven Halls.
 18423 | Orc:2    | Found Homotsen's Distillery.
 18469 | Orc:2    | Reached skill level 5 in Invocations
 18645 | Orc:2    | Reached ****** piety under Dithmenos
 18658 | Orc:2    | Found Uraeluzxa's Antique Armour Boutique.
 18777 | Orc:2    | Noticed an orc warlord
 18801 | Orc:2    | Killed an orc warlord
 18802 | Orc:2    | Reached skill level 10 in Stealth
 18891 | Orc:2    | Found Ohokh's Jewellery Emporium.
 19066 | Orc:2    | Found Ythrogeme's Antique Weapon Shoppe.
 19155 | D:10     | Entered Level 10 of the Dungeon
 19299 | D:10     | Noticed Grum
 19610 | D:10     | Reached skill level 11 in Evocations
 19838 | D:10     | Killed Grum
 20481 | D:11     | Noticed Psyche
 20491 | D:11     | Killed Psyche
 21285 | D:12     | Noticed Azrael
 21298 | D:12     | Killed Azrael
 21523 | D:12     | Noticed Kirke
 21548 | D:12     | Killed Kirke
 21618 | D:12     | Found Arunes's General Store.
 22064 | D:13     | Identified the ring "Ucrecwao" {Will+ Str+3}
 22397 | D:13     | Reached XP level 15. HP: 70/70 MP: 21/21
 22425 | D:13     | Reached skill level 12 in Evocations
 22506 | D:13     | Found a gate to the Vaults.
 24123 | D:15     | Entered Level 15 of the Dungeon
 24410 | D:15     | Found a staircase to the Depths.
 24561 | D:15     | Reached skill level 13 in Evocations
 24742 | D:15     | Reached skill level 5 in Fighting
 24905 | D:15     | Noticed Nessos
 24949 | D:15     | Killed Nessos
 25408 | D:15     | Found a sacrificial altar of Ru.
 26152 | Lair:5   | Reached skill level 14 in Evocations
 26260 | Lair:5   | Reached XP level 16. HP: 77/77 MP: 23/23
 26460 | Lair:5   | Reached skill level 15 in Stealth
 27217 | Snake:1  | Entered Level 1 of the Snake Pit
 27336 | Snake:1  | Identified the +1 leather armour of Urchobb {+Inv rElec
                  | rPois}
 27341 | Snake:1  | Learned a level 3 spell: Portal Projectile
 27625 | Snake:1  | Reached skill level 1 in Translocations
 28133 | Snake:1  | Found a hazy altar of Hepliaklqana.
 28259 | Snake:1  | Found Zewn's Jewellery Shop.
 28561 | Snake:2  | Reached skill level 10 in Invocations
 28666 | Snake:2  | Reached skill level 15 in Evocations
 28800 | Snake:2  | Found Zithinec's Weapon Shop.
 28804 | Snake:2  | Found Feihi's Distillery.
 28807 | Snake:2  | Found Hosuse's Magic Scroll Shop.
 28816 | Snake:2  | Bought a potion of might for 68 gold pieces
 28816 | Snake:2  | Bought 2 potions of curing for 102 gold pieces
 28816 | Snake:2  | Bought a potion of haste for 170 gold pieces
 28818 | Snake:2  | Bought a scroll of teleportation for 54 gold pieces
 28818 | Snake:2  | Bought a scroll of magic mapping for 135 gold pieces
 28818 | Snake:2  | Bought a scroll of magic mapping for 135 gold pieces
 29100 | Snake:2  | Found Tuygin's Tremendous Tomes.
 29269 | Snake:2  | Reached skill level 5 in Translocations
 29368 | Snake:2  | Learned a level 3 spell: Teleport Other
 30416 | Snake:3  | Reached skill level 10 in Dodging
 30541 | Snake:3  | Found a hide-covered altar of Uskayaw.
 31177 | Snake:3  | Found Septokh's Antique Weapon Shop.
 31185 | Snake:3  | Bought a pitted arbalest for 218 gold pieces
 31185 | Snake:3  | Identified the +4 arbalest of Sunlight {heavy, rF+} (You
                  | bought it in a shop on level 3 of the Snake Pit)
 31247 | Snake:3  | Noticed Mara
 31297 | Snake:3  | Reached XP level 17. HP: 78/82 MP: 25/25
 31780 | Snake:3  | Found Septokh's Antique Weapon Shop.
 31941 | Snake:3  | Found a hide-covered altar of Uskayaw.
 32466 | Snake:3  | Found Septokh's Antique Weapon Shop.
 32680 | Snake:4  | Entered Level 4 of the Snake Pit
 32709 | Snake:4  | Reached skill level 16 in Evocations
 33338 | Snake:4  | Noticed Aizul
 33524 | Snake:4  | Killed Aizul
 34890 | Snake:4  | Learned a level 3 spell: Ignite Poison
 34992 | Snake:4  | Reached skill level 1 in Transmutations
 35021 | Snake:4  | Reached skill level 17 in Evocations
 36339 | Snake:4  | Got a serpentine rune of Zot
 36849 | Shoals:1 | Entered Level 1 of the Shoals
 36909 | Shoals:1 | Found Fodwifi's Overcharged Wands.
 36977 | Shoals:1 | Bought a wand of mindburst (30) for 630 gold pieces
 36977 | Shoals:1 | Bought a wand of light (18) for 1134 gold pieces
 37255 | Shoals:1 | Noticed Hiprater's ghost (adept MiBe)
 37380 | Shoals:1 | Found a runed translucent door.
 37567 | Shoals:1 | Killed Hiprater's ghost
 37633 | Shoals:2 | Reached XP level 18. HP: 53/88 MP: 27/27
 37787 | Shoals:2 | Identified a scroll of acquirement
 37788 | Shoals:2 | Acquired 1189 gold pieces
 37987 | Shoals:2 | Reached skill level 5 in Transmutations
 37994 | Shoals:2 | Found a runed translucent gate.
 37995 | Shoals:2 | Found a runed translucent gate.
 38000 | Shoals:2 | Reached skill level 5 in Poison Magic
 38067 | Shoals:2 | Found a runed translucent gate.
 38825 | Shoals:2 | Noticed a tentacled monstrosity
 38856 | Shoals:2 | Killed a tentacled monstrosity
 38909 | Shoals:2 | Reached skill level 18 in Evocations
 38944 | Shoals:2 | Got the Precepts of Mad Ravings
 38946 | Shoals:2 | Identified the ring of Muhepefa {Fire +Blink rN+ SInv}
 39069 | Shoals:2 | Noticed Mil Mal Serr's ghost (adept MiFi)
 39216 | Shoals:2 | Killed Mil Mal Serr's ghost
 39298 | Shoals:3 | Identified Roxanne's Encyclopedia of the Figure
 39298 | Shoals:3 | Noticed Roxanne
 39327 | Shoals:3 | Found Kuvaph's Distillery.
 39352 | Shoals:3 | Bought a potion of curing for 63 gold pieces
 39352 | Shoals:3 | Bought a potion of heal wounds for 105 gold pieces
 39352 | Shoals:3 | Bought a potion of might for 84 gold pieces
 39352 | Shoals:3 | Bought a potion of might for 84 gold pieces
 39352 | Shoals:3 | Bought 2 potions of heal wounds for 210 gold pieces
 39352 | Shoals:3 | Bought a potion of heal wounds for 105 gold pieces
 39352 | Shoals:3 | Bought a potion of cancellation for 168 gold pieces
 40476 | Shoals:1 | Bought a wand of charming (18) for 648 gold pieces
 40568 | Shoals:4 | Entered Level 4 of the Shoals
 40568 | Shoals:4 | Found Dauloer's Distillery.
 40583 | Shoals:4 | Found Jiaderi's Book Shop.
 40605 | Shoals:4 | Noticed Ilsuiw
 40638 | Shoals:4 | Killed Ilsuiw
 40721 | Shoals:4 | Bought a potion of invisibility for 104 gold pieces
 40721 | Shoals:4 | Bought a potion of cancellation for 104 gold pieces
 40799 | Shoals:4 | HP: 4/91 [barbs]
 41018 | Shoals:4 | Reached skill level 19 in Evocations
 41111 | Shoals:4 | Found Vueneh's Jewellery Shop.
 41472 | Shoals:4 | Identified the +4 whip "Xuatt" {freeze, rC+}
 42061 | Shoals:4 | Reached XP level 19. HP: 67/95 MP: 29/29
 42110 | Shoals:4 | Got a barnacled rune of Zot
 42285 | Slime:1  | Entered Level 1 of the Pits of Slime
 42769 | Lair:4   | Killed Egife's ghost
 43138 | Depths:1 | Entered Level 1 of the Depths
 43284 | Depths:1 | Found Cefyul's Superior Scales.
 43287 | Depths:1 | Reached skill level 1 in Short Blades
 43889 | Depths:1 | Reached skill level 20 in Evocations
 44320 | Depths:1 | Found a gateway to Hell.
 44456 | Depths:2 | Found a one-way gateway to a ziggurat.
 44649 | Depths:2 | Acquired 815 gold pieces
 44998 | Shoals:4 | Bought a book of the Moon for 440 gold pieces
 45004 | Shoals:4 | Learned a level 5 spell: Silence
 45546 | Vaults:1 | Entered Level 1 of the Vaults
 46472 | Vaults:1 | Reached skill level 5 in Short Blades
 47364 | Vaults:1 | Reached skill level 10 in Translocations
 47478 | Vaults:1 | Reached XP level 20. HP: 87/101 MP: 27/30
 47636 | Vaults:1 | Reached skill level 21 in Evocations
 47808 | Vaults:1 | Learned a level 4 spell: Passage of Golubria
 49427 | Vaults:3 | Noticed Saint Roka
 49432 | Vaults:3 | Noticed Nikola
 49444 | Vaults:3 | Killed Saint Roka
 49860 | Vaults:3 | Reached skill level 1 in Air Magic
 49976 | Vaults:3 | Noticed Jory
 50015 | Vaults:3 | Killed Jory
 50016 | Vaults:3 | Reached skill level 1 in Fire Magic
 50809 | Vaults:3 | Found a staircase to the Crypt.
 50854 | Vaults:3 | You fall into a shaft and drop 1 floor!
 51079 | Vaults:4 | Noticed Sojobo
 51084 | Vaults:4 | Paralysed by an air elemental for 1 turns
 51107 | Vaults:4 | Found a magical portal.
 51123 | Vaults:4 | Paralysed by an air elemental for 1 turns
 51146 | WizLab   | Entered Zonguldrok's Shrine
 51451 | WizLab   | Reached skill level 15 in Dodging
 51752 | WizLab   | Noticed an antique lich
 51753 | WizLab   | Found the +9 sword of Zonguldrok {reap}
 51914 | Vaults:4 | Reached skill level 10 in Fighting
 51954 | Vaults:4 | Noticed Boris
 52184 | Vaults:3 | Reached XP level 21. HP: 107/107 MP: 31/31
 52189 | Vaults:3 | Reached skill level 5 in Spellcasting
 52718 | Vaults:4 | Killed Sojobo
 53040 | Vaults:4 | Reached skill level 22 in Evocations
 53298 | Vaults:4 | Killed Boris
 53694 | Vaults:5 | Entered Level 5 of the Vaults
 53699 | Vaults:5 | Reached skill level 10 in Hexes
 53751 | Vaults:5 | Identified the +11 long sword "Zufum" {flame, Fragile
                  | +Blink Will+ MP+9}
 54076 | Vaults:5 | Reached skill level 10 in Short Blades
 54214 | Vaults:5 | Noticed a dread lich
 55317 | Vaults:5 | Noticed a golden dragon
 55360 | Vaults:5 | Killed a golden dragon
 55361 | Vaults:5 | Reached skill level 23 in Evocations
 55455 | Vaults:5 | Got a silver rune of Zot
 55549 | Vaults:5 | Reached XP level 22. HP: 112/112 MP: 32/32
 55860 | Vaults:5 | Identified the ring "Catwod" {rElec rPois Str+4 Int+3 SInv}
 55902 | Vaults:5 | Killed a dread lich
 56251 | Vaults:5 | Noticed a golden dragon
 56370 | Vaults:5 | Killed a golden dragon
 57554 | Snake:2  | Bought a scroll of brand weapon for 171 gold pieces
 57699 | Orc:1    | Bought a scroll of brand weapon for 142 gold pieces
 59026 | Depths:2 | Reached skill level 1 in Shields
 59342 | Depths:2 | Got the Omnibus of the Oath and Dislocation
 59464 | Depths:2 | Found a one-way gate leading to the halls of Pandemonium.
 59571 | Depths:2 | Reached skill level 24 in Evocations
 60902 | Depths:3 | Found the +5 glaive of the Guard {elec, spectral, AC+5}
 61172 | Depths:3 | Reached XP level 23. HP: 118/118 MP: 32/34
 61434 | Depths:3 | Found a shadowy altar of Dithmenos.
 61459 | Depths:3 | Found a one-way gate to the infinite horrors of the Abyss.
 61477 | Depths:3 | Identified the +11 war axe of Esidaicau {venom, Str+3}
 61587 | Depths:4 | Entered Level 4 of the Depths
 61659 | Depths:4 | Found Kija's Book Emporium.
 61830 | Depths:4 | Identified the +7 hand axe of the Modern Tusks {vamp, rPois
                  | Str+6 SInv Stlth-}
 61982 | Depths:4 | Found Fanazuno's Armour Shoppe.
 62019 | Depths:4 | Noticed a juggernaut
 62105 | Depths:4 | Killed a juggernaut
 62234 | Depths:4 | Reached skill level 5 in Shields
 62276 | Depths:4 | Found a gate to the Realm of Zot.
 62370 | Depths:4 | Found Amuucij's Armour Shop.
 62381 | Depths:4 | Reached skill level 5 in Air Magic
 62441 | Depths:4 | Reached skill level 25 in Evocations
 62914 | Depths:4 | Found Juguiwk's Armour Shoppe.
 62922 | Depths:4 | Bought the +1 cloak of Starlight {*Dazzle EV+4 Stlth--} for
                  | 366 gold pieces
 62922 | Depths:4 | Found the +1 cloak of Starlight {*Dazzle EV+4 Stlth--}
 63242 | Zot:1    | Entered Level 1 of the Realm of Zot
 63257 | Zot:1    | Noticed Vv
 63264 | Zot:1    | Learned a level 2 spell: Passwall
 63291 | Zot:1    | Noticed an orb of fire
 63296 | Zot:1    | Killed an orb of fire
 63344 | Zot:1    | Killed Vv
 64351 | Zot:2    | Noticed a curse toe
 64360 | Zot:2    | Killed a curse toe
 64609 | Zot:4    | Reached skill level 26 in Evocations
 65103 | Zot:4    | Reached XP level 24. HP: 82/126 MP: 36/36
 65360 | Zot:5    | Entered Level 5 of the Realm of Zot
 66145 | Zot:4    | Noticed Parghit
 66150 | Zot:4    | Killed Parghit
 66807 | Zot:3    | Reached skill level 27 in Evocations
 66977 | Zot:3    | Found the +12 glaive of Prune {freeze, Prune}
 67537 | Zot:2    | Found a huge runed gate.
 67537 | Zot:2    | Found a huge runed gate.
 67537 | Zot:2    | Found a huge runed gate.
 67537 | Zot:2    | Found a huge runed gate.
 67662 | Zot:2    | Found a huge runed gate.
 67662 | Zot:2    | Found a huge runed gate.
 67662 | Zot:2    | Found a huge runed gate.
 67663 | Zot:2    | Found a huge runed gate.
 67680 | Zot:2    | Found a huge runed gate.
 67681 | Zot:2    | Found a huge runed gate.
 67690 | Zot:2    | Found a huge runed gate.
 67690 | Zot:2    | Found a huge runed gate.
 67690 | Zot:2    | Found a huge runed gate.
 67690 | Zot:2    | Found a huge runed gate.
 67691 | Zot:2    | Found a huge runed gate.
 67692 | Zot:2    | Found a huge runed gate.
 67693 | Zot:2    | Found a huge runed gate.
 67694 | Zot:2    | Found a huge runed gate.
 67696 | Zot:2    | Found a huge runed gate.
 68029 | Zot:2    | Found a huge runed gate.
 68029 | Zot:2    | Found a huge runed gate.
 68030 | Zot:2    | Found a huge runed gate.
 68031 | Zot:2    | Found a huge runed gate.
 68031 | Zot:2    | Found a huge runed gate.
 68031 | Zot:2    | Found a huge runed gate.
 68032 | Zot:2    | Found a huge runed gate.
 68033 | Zot:2    | Found a huge runed gate.
 68033 | Zot:2    | Found a huge runed gate.
 68035 | Zot:2    | Found a huge runed gate.
 68035 | Zot:2    | Found a huge runed gate.
 68035 | Zot:2    | Found a huge runed gate.
 68035 | Zot:2    | Found a huge runed gate.
 68040 | Zot:2    | Found a huge runed gate.
 68041 | Zot:2    | Found a huge runed gate.
 68049 | Zot:2    | Found a huge runed gate.
 68050 | Zot:2    | Found a huge runed gate.
 70128 | Zot:5    | Noticed an orb of fire
 70128 | Zot:5    | Noticed a dread lich
 70128 | Zot:5    | Noticed an ancient lich
 70130 | Zot:5    | Noticed an orb of fire
 70130 | Zot:5    | Noticed a Killer Klown
 70130 | Zot:5    | Noticed a Killer Klown
 70139 | Zot:5    | Got the Orb of Zot
 70655 | D:$      | Escaped with the Orb!

Illustrated notes

Levels and vault maps discovered:
D:1:      dpeg_arrival_pond, layout_rooms
D:2:      layout_rooms, chequers_ecumenical_altar_island,
          minmay_misc_feat_ornament, minmay_joined_circles
D:3:      layout_loops_ring, serial_shops, shop
D:4:      layout_basic, mainiacjoe_overflow_24_doors, minmay_temple_entry_hall
D:5:      layout_layer_cave, chequers_serial_rivers_micro_a
D:6:      minmay_skewed_foursquare, layout_basic, minmay_small_thing, uniq_pikel
D:7:      layout_basic, serial_aquarium, aquarium_bridge_long_joined
          [aquarium_subvault_window, aquarium_subvault_bridge,
          aquarium_subvault_window, aquarium_subvault_bridge,
          aquarium_subvault_wall, aquarium_subvault_wall],
          aquarium_bridge_straight [aquarium_subvault_bridge,
          aquarium_subvault_window, aquarium_subvault_bridge,
          aquarium_subvault_balcony], aquarium_window_1, aquarium_window_fake,
          aquarium_window_2, aquarium_window_3, aquarium_view_4,
          aquarium_view_2b, aquarium_pool_four, uniq_menkaure, uniq_duvessa
D:8:      layout_loops_corners, erik_lair_island
D:9:      layout_layer_cave, nicolae_xom_altar_mimics,
          nicolae_hepliaklqana_hazy_memory, zombieorc1_lemuel, enter_bailey_2,
          minivault_15, uniq_maggie, uniq_erica
D:10:     layout_gridville, uniq_grum
D:11:     layout_stronghold, uniq_psyche
D:12:     layout_rooms, serial_shops, nicolae_take_the_stairs,
          minmay_hedge_maze, uniq_azrael, uniq_kirke
D:13:     minmay_tri_box, layout_long_grid, erik_vaults_1
D:14:     layout_irregular_city, nrook_mini_vaults
D:15:     gammafunk_depths_entry_grave, layout_basic, old_standard_altar,
          uniq_nessos
Lair:1:   layout_chaotic_city, serial_bayou_shore_b, grunt_megastairs_2,
          lemuel_fruit_fields, uniq_joseph
Lair:2:   minmay_lair_oklob_tunnel, layout_cave_pods,
          chequers_serial_rivers_room_a, grunt_megastairs_1
Lair:3:   wad_woods_settlement, layout_loops_ring, shoals_dummy_entry,
          uniq_rupert
Lair:4:   dragon1_lemuel, layout_loops_ring, slime_entry_1,
          ebering_ghost_funeral_grove, lemuel_fruit_tree, serial_bayou_shore_a
Lair:5:   minmay_lair_end_frog_pond, layout_cave_pods
Shoals:1: layout_shoals, hellmonk_ghost_happy_afterlife,
          nicolae_shoals_stone_sculpture_thing, nicolae_shop_overcharged_wands
Shoals:2: dreamdust_from_the_deep, layout_shoals, gammafunk_ghost_necromancy
Shoals:3: layout_shoals, serial_shops,
          nicolae_shop_temple_entry_statues_fountains,
          nicolae_shoals_kraken_party, uniq_roxanne
Shoals:4: shoals_end_simple, layout_shoals, shoal_ilsuiw, serial_shops, shop,
          shop, nicolae_shop_waterfront
Snake:1:  layout_basic, basic_altar, serial_shops, nicolae_square_shop,
          serial_bayou, serial_bayou_lake_a, serial_bayou_lagoon_a,
          serial_bayou_pond_e, serial_bayou_ford_a
Snake:2:  layout_layer_cave, nicolae_shop_i_like_big_books, minmay_shop_star
Snake:3:  layout_cave_town, serial_shops, nicolae_shop_waterfront, basic_altar,
          grunt_megastairs_4, uniq_mara
Snake:4:  grunt_snake_rune_serpentine_throne, layout_layer_cave, uniq_aizul
Slime:1:  layout_caves
Slime:2:  layout_caves
Slime:3:  layout_caves
Orc:1:    layout_caves, serial_shops, shop, nicolae_orc_flooded_monolith
Orc:2:    grunt_orc_gardens, layout_caves, grunt_orc_garden, grunt_orc_garden,
          grunt_orc_garden, grunt_orc_garden, serial_shops, shop
Vaults:1: hangedman_vaults_nails, v_misc_31, vaults_room_stairs_pillars,
          vaults_standard_mumra_enter_the_diamond, vaults_mumra_lcd,
          vaults_room_octagon, vaults_room_guarded_vault,
          vaults_dpeg_emergency_exit, v_misc_1, vaults_room_boxed,
          vaults_room_semicircle, nicolae_vaults_network_periphery,
          vaults_room_semicircle, vaults_dpeg_hooks,
          hangedman_vaults_stretched_pinwheel, layout_vaults_maze
Vaults:2: v_misc_12, hangedman_vaults_snaps, ontoclasm_vaults_tryst,
          grunt_vaults_focal, nicolae_vaults_diagonal_hallway_8,
          v_alt_pattern_3, vaults_room_large_hall,
          nicolae_vaults_yaktaur_gun_rack, vaults_room_fours, v_misc_23,
          nicolae_vaults_network_s, nicolae_vaults_little_squares_1,
          vaults_room_corners, layout_vaults_ring
Vaults:3: minmay_crypt_entry_simple_round, ontoclasm_vaults_ligature,
          nicolae_vaults_display_case, nicolae_vaults_stairing_the_circle,
          v_misc_16, hangedman_vaults_corner_blocks, dpeg_vaults_monster_box,
          layout_vaults_omnigrid, uniq_saint_roka, uniq_nikola, uniq_jory
Vaults:4: infiniplex_enter_wizlab_glasses, ontoclasm_vaults_shout,
          vaults_room_stairs_pillars, ontoclasm_vaults_decontamination,
          ontoclasm_vaults_gateway, grunt_vaults_twisty,
          hangedman_vaults_corner_blocks, hangedman_vaults_maws,
          grunt_vaults_funnel, layout_vaults_big_room, uniq_boris, uniq_sojobo
Vaults:5: serial_shops
Depths:1: layout_cave_pools, serial_bayou_pond_d, hell_entry,
          hellmonk_scale_shop
Depths:2: minmay_the_grid_octo_2x2 [minmay_the_grid_octo_focus,
          minmay_the_grid_octo_empty, minmay_the_grid_octo_empty,
          minmay_the_grid_octo_prize_big_c], layout_gridville, enter_ziggurat_f,
          pan_entry, hell_entry, nrook_campfire, dreamdust_wasp_nest
Depths:3: minmay_guarded_unrand_guard, layout_cave_shapes, abyss_entry,
          hell_entry, nicolae_dithmenos_the_darkroom, corexii_leaking_fountain
Depths:4: evilmike_zot_entry_basic, layout_long_grid, serial_shops, shop,
          nicolae_shop_behind_doors, nicolae_shop_trees, shop_statue,
          grunt_mini_vestibule, grunt_megastairs_5
Zot:1:    layout_twisted_circle, uniq_vv
Zot:2:    layout_basic, door_vault, lemuel_elevator
Zot:3:    layout_twisted_circle
Zot:4:    layout_concentric_octagons, uniq_parghit
Zot:5:    layout_misc_corridors, st_stairs_12

Skill      XL: |  1  2  3  4  5  6  7  8  9 10 11 12 13 14 15 16 17 18 19 20 21 22 23 24 |
---------------+-------------------------------------------------------------------------+-----
Stealth        | 3 4 5 7 11 14 17 18 20 21 22 23 24 26 | 26.5
Ranged Weapons | 5 6 7 9 11 14 17 19 20 | 20.0
Spellcasting   | 1 2 3 4 5 7 8 |  8.0
Poison Magic   | 1 2 3 4 5 |  5.0
Evocations     | 1 4 6 8 9 11 14 15 17 19 20 21 23 24 26 27 | 27.0
Hexes          | 5 6 8 9 12 | 12.0
Invocations    | 3 6 9 10 11 12 | 12.0
Dodging        | 4 6 8 10 11 13 14 15 16 17 18 20 | 20.3
Fighting       | 2 4 5 6 7 8 9 10 11 12 13 | 13.6
Translocations | 7 8 10 12 | 12.0
Transmutations | 4 6 7 8 |  8.0
Short Blades   | 6 8 10 | 10.0
Air Magic      | 2 3 5 |  5.0
Fire Magic     | 2 |  2.0
Shields        | 4 5 |  5.0

Action                     |  1- 3 |  4- 6 |  7- 9 | 10-12 | 13-15 | 16-18 | 19-21 | 22-24 || total
---------------------------+-------+-------+-------+-------+-------+-------+-------+-------++-------
  Melee: Dagger            |       |       |       |       |       |     1 |    96 |   175 ||   272
         Punch             |       |       |       |       |       |       |     3 |       ||     3
         Spear             |       |       |       |       |       |       |       |    13 ||    13
   Fire: Shortbow          |    92 |   200 |   416 |   960 |   916 |  2288 |  2071 |   239 ||  7182
         Arbalest          |       |       |       |       |   249 |    81 |    76 |    16 ||   422
         Hand crossbow     |       |       |       |       |       |       |       |  1296 ||  1296
   Cast: Poisonous Vapours |       |       |    19 |    21 |    27 |     1 |       |       ||    68
         Inner Flame       |       |       |     1 |     8 |    30 |    12 |    24 |       ||    75
         Portal Projectile |       |       |       |       |       |    22 |    13 |     9 ||    44
         Teleport Other    |       |       |       |       |       |     3 |       |       ||     3
         Ignite Poison     |       |       |       |       |       |       |     2 |       ||     2
         Passwall          |       |       |       |       |       |       |       |    16 ||    16
         Passage of Golubr |       |       |       |       |       |       |       |     2 ||     2
 Invoke: Shadow Step       |       |       |       |     3 |     2 |     4 |    13 |     9 ||    31
         Shadow Form       |       |       |       |       |       |       |       |     1 ||     1
  Evoke: Wand              |       |     1 |       |    25 |     9 |    34 |    21 |    32 ||   122
         Condenser vane    |       |       |       |     1 |     3 |     6 |     6 |     9 ||    25
         Box of beasts     |       |       |       |       |     1 |     3 |     7 |     5 ||    16
         Phantom mirror    |       |       |       |       |       |     1 |     4 |       ||     5
         Phial of floods   |       |       |       |       |       |       |     2 |     4 ||     6
         Lightning rod     |       |       |       |       |       |       |       |     3 ||     3
    Use: Scroll            |       |     1 |     4 |    10 |    19 |    10 |     5 |    26 ||    75
         Potion            |       |       |       |     1 |     3 |     9 |     9 |    11 ||    33
   Stab: Sleeping          |       |       |       |       |       |     1 |    49 |    36 ||    86
         Invisible         |       |       |       |       |       |       |     8 |    25 ||    33
         Distracted        |       |       |       |       |       |       |     4 |     3 ||     7
 Armour: Robe              |     1 |     4 |     1 |    11 |       |       |       |       ||    17
         Troll leather arm |       |       |       |       |    29 |    63 |    56 |    75 ||   223
         Swamp dragon scal |       |       |       |       |     8 |       |       |       ||     8
  Dodge: Dodged            |    19 |    37 |    70 |   160 |   274 |   803 |   807 |   869 ||  3039
         Repelled          |       |     1 |       |     4 |     1 |       |       |       ||     6
  Block: Other             |       |       |    11 |    52 |    85 |    89 |       |       ||   237
         Reflection        |       |       |     1 |     7 |    10 |    15 |       |     7 ||    40
         Buckler           |       |       |       |       |       |       |       |   486 ||   486

Table legend: (Time is in decaauts)
 A = Elapsed time spent in this place.
 B = Non-inter-level travel time spent in this place.
 C = Inter-level travel time spent in this place.
 D = Time resting spent in this place.
 E = Time spent auto-exploring this place.
 F = Levels seen in this place.
 G = Mean time per level.
                   A        B        C        D        E       F      G
               +--------+--------+--------+--------+--------+-----+--------+
         Total |  50869 |  45982 |   4887 |   5788 |  23362 |  49 | 1038.1 |
       Dungeon |  14114 |  12370 |   1744 |    916 |   7666 |  15 |  940.9 |
          Lair |   6022 |   5180 |    842 |    529 |   2819 |   5 | 1204.4 |
        Shoals |   4251 |   3541 |    710 |    147 |   1934 |   4 | 1062.8 |
     Snake Pit |   6705 |   6487 |    218 |    959 |   3804 |   4 | 1676.2 |
    Slime Pits |    272 |    258 |     14 |     41 |     85 |   3 |   90.7 |
  Orcish Mines |    995 |    954 |     41 |     14 |    541 |   2 |  497.5 |
        Vaults |   8115 |   7486 |    629 |   1409 |   2926 |   5 | 1623.0 |
        Depths |   5018 |   4637 |    381 |    791 |   1689 |   4 | 1254.5 |
           Zot |   4618 |   4313 |    305 |    915 |   1838 |   5 |  923.6 |
        Bailey |    279 |    279 |      0 |     43 |      0 |   1 |  279.0 |
        Wizlab |    473 |    473 |      0 |     21 |     57 |   1 |  473.0 |
               +--------+--------+--------+--------+--------+-----+--------+

Top non-repeatable levels by time:
Vaults:5: 2513 daAuts
 Snake:4: 2435 daAuts
 Snake:3: 1927 daAuts
Vaults:1: 1745 daAuts
Depths:2: 1714 daAuts
  Lair:4: 1642 daAuts
  Lair:3: 1592 daAuts
Vaults:3: 1524 daAuts
     D:4: 1387 daAuts
     D:9: 1384 daAuts
Shoals:2: 1350 daAuts
     D:8: 1329 daAuts
Depths:4: 1310 daAuts
 Snake:2: 1297 daAuts
   Zot:4: 1271 daAuts
